 Dungeon Crawl Stone Soup version 0.26-a0-597-gb535b0901c (webtiles) character file.

Game seed: 15608474012826200915

7394 Goblin1989 the Covert (level 10, 0/51 HPs)
             Began as a Spriggan Brigand on Aug 29, 2020.
             Was a Priest of Uskayaw.
             Killed from afar by an orc wizard (7 damage)
             ... with a puff of flame
             ... on level 10 of the Dungeon on Sept 7, 2020.
             The game lasted 00:28:09 (15342 turns).

Goblin1989 the Covert (Spriggan Brigand)           Turns: 15342, Time: 00:28:10

Health: 0/51       AC:  5    Str: 13    XL:     10   Next: 92%
Magic:  23/23      EV: 23    Int: 13    God:    Uskayaw [***...]
Gold:   468        SH:  7    Dex: 21    Spells: 9/9 levels left

rFire    . . .     SeeInvis +   a - +3 dagger (elec)
rCold    . . .     Faith    .   N - +0 buckler
rNeg     . . .     Spirit   .   H - +0 troll leather armour
rPois    .         Reflect  .   (helmet restricted)
rElec    .         Harm     .   c - +0 cloak
rCorr    .                      (gloves unavailable)
MR       +....                  (boots unavailable)
Stlth    ++++++....             (no amulet)
HPRegen  0.57/turn              j - ring of magical power
MPRegen  0.18/turn              B - +6 ring of strength

@: very quick
A: very small, unfitting armour, see invisible, speed 3
a: Stomp, Line Pass, Renounce Religion


You were on level 10 of the Dungeon.
You worshipped Uskayaw.
Uskayaw was noncommittal.
You visited 2 branches of the dungeon, and saw 11 of its levels.
You also visited: Sewer.

You collected 628 gold pieces.
You spent 160 gold pieces at shops.

Inventory:

Hand Weapons
 a - a +3 dagger of electrocution (weapon)
 b - a +0 rapier
 i - a +1 vampiric dagger
 k - a +2 dagger of venom
 G - a +1 rapier of speed
 K - a +2 dagger
Missiles
 d - 21 poisoned darts (quivered)
 e - 2 curare-tipped darts
 f - 115 sling bullets
 l - 253 stones {@Q3}
 m - 61 bolts
 o - 272 arrows
 Z - a throwing net {!d , @Q1}
Armour
 c - a +0 cloak (worn)
 y - the +0 robe of Youthful Indiscretion {rN+ Dex+4}
   (You found it on level 5 of the Dungeon)

   It affects your dexterity (+4).
   It protects you from negative energy.
 H - a +0 troll leather armour (worn)
 N - a +0 buckler (worn)
 S - a +0 robe
Jewellery
 j - a ring of magical power (left hand)
 B - a +6 ring of strength (right hand)
 F - a cursed -4 ring of evasion {unknown}
Wands
 v - a wand of digging (8) {@v1}
 L - a wand of acid (4) {@v2}
 P - a wand of iceblast (11) {@v4}
Scrolls
 n - 9 scrolls of remove curse {@r3}
 z - a scroll of amnesia {unknown}
 A - a scroll of torment {unknown}
 I - a scroll of acquirement {unknown}
 J - 3 scrolls of enchant weapon
 M - 2 scrolls of magic mapping
 O - 2 scrolls of blinking {unknown}
 Q - a scroll of silence {unknown}
 R - 4 scrolls of identify {@r1}
 T - a scroll of teleportation
Potions
 t - a potion of mutation {!q}
 u - a potion of cancellation
 C - 2 potions of haste {@q3,}
 D - 3 potions of curing {@q1}
 U - a potion of stabbing {unknown}
 V - a potion of invisibility
 W - a potion of lignification
 X - 2 potions of heal wounds {@q2}
 Y - a potion of flight {unknown}


   Skills:
 + Level 4.8 Fighting
 * Level 12.3 Short Blades
 - Level 2.0 Throwing
 + Level 7.7 Dodging
 + Level 13.1 Stealth
 + Level 2.1 Shields
 + Level 4.6 Invocations


You had 9 spell levels left.
You didn't know any spells.
Your spell library contained the following spells:

 Spells                   Type           Power        Failure   Level
 Beastly Appendage        Tmut           #.....       50%         1
 Wereblood                Tmut           #.......     65%         2
 Spider Form              Tmut/Pois      #.........   86%         3
 Ice Form                 Ice/Tmut       #.......     99%         4
 Blade Hands              Tmut           #.........   100%        5


Dungeon Overview and Level Annotations

Branches:
Dungeon (10/15)            Temple (1/1) D:7             Orc (0/2) D:9
  Sewer (visited)
   Lair: D:8-11

Altars:
Ashenzari
Cheibriados
Dithmenos
Elyvilon
Gozag
Hepliaklqana
Kikubaaqudgha
Makhleb
Nemelex Xobeh
Okawaru
Qazlal
Ru
Sif Muna
Trog
Uskayaw
Wu Jian
Xom
Zin
The Shining One

Shops:
D:6 !=

Annotations:
D:4 Blork the orc, Grinder
D:9 2 transporters, melvinkitnick's ghost, novice HOFE


Innate Abilities, Weirdness & Mutations

You are very small and have problems with some larger weapons.
You are too small for most types of armour.
You have supernaturally acute eyesight. (SInv)
You cover ground extremely quickly.


Message History

You hit the orc wizard.
The orc wizard is lightly wounded.
The orc wizard closely misses you.
You hit the orc wizard.
The orc wizard is heavily wounded.
The orc wizard hits you but does no damage.
You closely miss the orc wizard.
The orc wizard is heavily wounded.
The orc wizard gestures at you while chanting.
The magic dart hits you.
The orc warrior hits you from afar with a +0 halberd!
You take 14 damage, and have 34/51 hp.
MASSIVE DAMAGE!!
You hit the orc wizard.
The orc wizard is severely wounded.
The orc wizard casts a spell at you. The magic dart hits you.
You take 6 damage, and have 28/51 hp.
You are too injured to fight recklessly!
You are too injured to fight recklessly!
You are too injured to fight recklessly!
You are too injured to fight recklessly!
You are too injured to fight recklessly!
You are too injured to fight recklessly!
You are too injured to fight recklessly!
You are too injured to fight recklessly!
You are too injured to fight recklessly!
You are too injured to fight recklessly!
You are too injured to fight recklessly!
You are too injured to fight recklessly!
You are too injured to fight recklessly!
You are too injured to fight recklessly!
You are too injured to fight recklessly!
You are too injured to fight recklessly!
You are too injured to fight recklessly!
You are too injured to fight recklessly!
You are too injured to fight recklessly!
You are too injured to fight recklessly!
There are monsters nearby!
You hit the orc priest.
The orc priest is moderately wounded.
You closely miss the orc priest.
The orc priest is moderately wounded.
The orc wizard gestures wildly while chanting.
The orc wizard flickers and vanishes for a moment.
You block the orc warrior's attack. You block the orc wizard's attack.
The orc warrior closely misses you. The orc priest closely misses you.
Found a scroll of teleportation.
You hit the orc priest but do no damage.
The orc priest is moderately wounded.
You block the orc priest's attack. The orc warrior closely misses you.
The orc wizard misses you.
You hit the orc priest.
The orc priest is severely wounded.
You hit the orc priest.
The orc priest is severely wounded.
The orc priest closely misses you.
The orc warrior hits you from afar with a +0 halberd!
* * * LOW HITPOINT WARNING * * *
You can now merge with and destroy a victim.
You take 13 damage, and have 17/51 hp.
MASSIVE DAMAGE!!
You hit the orc priest but do no damage.
The orc priest is severely wounded.
The orc wizard misses you.
You hit the orc priest but do no damage.
The orc priest is severely wounded.
The orc wizard gestures at you while chanting.
The puff of flame hits you.
* * * LOW HITPOINT WARNING * * *
The orc priest completely misses you. The orc warrior completely misses you.
You take 2 damage, and have 15/51 hp.
Throwing (i - inventory. (/) - cycle)
d - 24 poisoned darts (quivered)
Press: ? - help, Shift-Dir - straight line, f - orc wizard
Aim: an orc wizard, wielding a +0 dagger and wearing a +0 robe (severely wounded, fast, slightly transparent)
You throw a poisoned dart. The poisoned dart hits the orc wizard.
The orc wizard is poisoned.
The orc wizard is severely wounded.
The orc wizard points at you and mumbles some strange words.
The puff of flame misses you.
You can no longer merge with and destroy a victim.
Throwing (i - inventory. (/) - cycle)
d - 23 poisoned darts (quivered)
Press: ? - help, Shift-Dir - straight line, f - orc priest, p - orc wizard
Aim: an orc priest, wielding a +0 hand axe and wearing a +0 scale mail (severely wounded)
You throw a poisoned dart. The poisoned dart hits the orc priest.
The orc priest is poisoned.
The orc priest is severely wounded.
The orc wizard looks braver for a moment.
The orc wizard points at you and mumbles some strange words.
The puff of frost hits you!
* * * LOW HITPOINT WARNING * * *
The orc priest barely misses you.
You take 12 damage, and have 6/51 hp.
MASSIVE DAMAGE!!
Throwing (i - inventory. (/) - cycle)
d - 22 poisoned darts (quivered)
Press: ? - help, Shift-Dir - straight line, f/p - orc priest
Aim: an orc priest, wielding a +0 hand axe and wearing a +0 scale mail (almost dead, poisoned)
You throw a poisoned dart.
The poisoned dart barely misses the orc priest.
The orc wizard points at you and mumbles some strange words.
The puff of flame hits you!
You die...

█..†................
█...................
█....?..............
█...................
█...................
███...................
█.....████▲███████....
█.....█ █.... ..
█..†.@█ █.... ...
█.....█ █....
...█████...oo█ █....
█........).o.█


█████ █........(...█ █ █............█ █ █............█ █ ▲.......(..$.█ █
█............█ █ You could see an orc warrior, an orc priest (poisoned) and an
orc wizard (fast, invisible, poisoned).

Vanquished Creatures
  Joseph (D:7)
  A troll (D:10)
  A hippogriff (D:8)
  Sigmund (D:3)
  2 wyverns (D:9)
  8 yaks
  4 wargs (D:9)
  2 water moccasins
  3 orc warriors
  2 ice beasts
  2 phantoms
  5 ogres
  6 centaurs
  8 bullfrogs
  A gnoll sergeant (D:9)
  A water moccasin zombie (D:10)
  9 scorpions
  8 wights
  3 killer bees (D:10)
  2 quasits
  6 hounds
  A jelly (D:10)
  4 orc wizards
  3 orc priests
  A bullfrog skeleton (D:10)
  Ijyb (D:2)
  9 worker ants
  4 iguanas
  A hound skeleton (D:6)
  2 worker ant zombies
  7 gnolls
  2 howler monkey skeletons (D:6)
  15 adders
  A shadow imp (D:9)
  4 white imps
  3 ufetubi
  10 oozes
  2 adder skeletons
  2 adder zombies
  2 worms
  3 dart slugs
  12 leopard geckos
  34 orcs
  14 ball pythons
  17 giant cockroaches
  11 goblins
  4 hobgoblins
  13 jackals
  3 quokkas
  6 bats
  17 frilled lizards
  A jackal zombie (D:5)
  10 kobolds
  10 rats
  3 rat zombies (D:8)
308 creatures vanquished.

Notes
Turn   | Place    | Note
-------+----------+-------------------------------------------
     0 | D:1      | Goblin1989 the Spriggan Brigand began the quest for the
                  | Orb.
     0 | D:1      | Reached XP level 1. HP: 10/10 MP: 2/2
    87 | D:1      | Reached skill level 6 in Stealth
    95 | D:1      | Reached XP level 2. HP: 9/14 MP: 3/3
   939 | D:2      | Reached XP level 3. HP: 18/18 MP: 4/4
  1046 | D:2      | Noticed Ijyb
  1115 | D:2      | Killed Ijyb
  1643 | D:2      | Reached XP level 4. HP: 22/22 MP: 5/5
  1802 | D:2      | Found a hazy altar of Hepliaklqana.
  1970 | D:3      | Found a shattered altar of Ashenzari.
  2315 | D:3      | Reached skill level 7 in Stealth
  2550 | D:3      | Noticed Sigmund
  2564 | D:3      | Killed Sigmund
  2564 | D:3      | Reached skill level 5 in Short Blades
  2564 | D:3      | Reached skill level 8 in Stealth
  2564 | D:3      | Reached XP level 5. HP: 20/25 MP: 6/6
  2743 | D:3      | Found an opulent altar of Gozag.
  2799 | D:3      | Reached XP level 6. HP: 16/30 MP: 7/7
  4484 | D:4      | Noticed Blork the orc
  4488 | D:4      | Noticed Grinder
  4835 | D:5      | Entered Level 5 of the Dungeon
  4851 | D:5      | Got a dull robe
  5037 | D:5      | Identified the cursed +0 robe of Youthful Indiscretion {rN+
                  | Dex+4} (You found it on level 5 of the Dungeon)
  5055 | D:5      | Noticed an ice beast
  5066 | D:5      | Killed an ice beast
  5066 | D:5      | Reached skill level 9 in Stealth
  5066 | D:5      | Reached XP level 7. HP: 31/33 MP: 8/8
  5199 | D:5      | Found a white marble altar of Elyvilon.
  6932 | D:6      | Found Ligih's Jewellery Shop.
  7118 | D:6      | Found a glowing drain.
  7124 | Sewer    | Entered a sewer
  7638 | Sewer    | Reached skill level 10 in Stealth
  7763 | Sewer    | Reached XP level 8. HP: 27/37 MP: 9/9
  8068 | D:6      | Found a sacrificial altar of Ru.
  8351 | D:6      | Found Secac's Distillery.
  8372 | D:6      | Bought a potion of invisibility for 80 gold pieces
  8372 | D:6      | Bought a potion of lignification for 30 gold pieces
  8372 | D:6      | Bought a potion of heal wounds for 50 gold pieces
  8527 | D:6      | HP: 1/39 [centaur/arrow (15)]
  9198 | D:6      | Reached skill level 11 in Stealth
  9785 | D:6      | Reached skill level 10 in Short Blades
 10188 | D:7      | Found a staircase to the Ecumenical Temple.
 10197 | Temple   | Entered the Ecumenical Temple
 10210 | Temple   | Became a worshipper of Uskayaw the Reveler
 10263 | D:7      | Reached XP level 9. HP: 43/43 MP: 10/10
 10298 | D:7      | Found an ornate altar of the Wu Jian Council.
 10303 | D:7      | Reached * piety under Uskayaw
 10474 | D:7      | Found a white marble altar of Elyvilon.
 10489 | D:7      | Found a bloodstained altar of Trog.
 10498 | D:7      | Noticed Joseph
 10520 | D:7      | Reached ** piety under Uskayaw
 10530 | D:7      | Killed Joseph
 10530 | D:7      | Reached skill level 1 in Invocations
 10827 | D:7      | Reached *** piety under Uskayaw
 10834 | D:7      | Reached **** piety under Uskayaw
 10903 | D:7      | Found a burning altar of Makhleb.
 11160 | D:7      | Reached skill level 5 in Dodging
 11823 | D:8      | Reached skill level 12 in Stealth
 12421 | D:8      | Found an iron altar of Okawaru.
 12769 | D:8      | Reached XP level 10. HP: 49/49 MP: 13/13
 12865 | D:8      | Found a sparkling altar of Nemelex Xobeh.
 12895 | D:8      | Found an ancient bone altar of Kikubaaqudgha.
 12957 | D:9      | Found a staircase to the Orcish Mines.
 13311 | D:9      | Found a snail-covered altar of Cheibriados.
 13488 | D:9      | Found a transporter.
 13492 | D:9      | Found a transporter.
 13539 | D:9      | Noticed melvinkitnick's ghost (novice HOFE)
 13864 | D:9      | Reached skill level 1 in Shields
 14319 | D:9      | Reached ***** piety under Uskayaw
 14705 | D:10     | Entered Level 10 of the Dungeon
 14926 | D:10     | Reached skill level 13 in Stealth
 15342 | D:10     | Killed from afar by an orc wizard

Illustrated notes

Levels and vault maps discovered:
D:1:      sevenhm_arrival_forest_fort_large_1, layout_loops_ring
D:2:      kennysheep_the_goblin_king, layout_loops_cross,
          nicolae_overflow_hidden_temple, chequers_arboretum
D:3:      layout_basic, grunt_gozag_breadcrumbs, minmay_misc_feat_secret_circle,
          ashenzari_altar_1, uniq_ijyb, uniq_sigmund, uniq_natasha
D:4:      layout_rooms, minmay_misc_feat_rugged, minmay_misc_feat_enclosed,
          uniq_blork_the_orc, uniq_grinder
D:5:      layout_rooms, marbit_many_paths
D:6:      layout_gridville, kennysheep_little_box, serial_shops, shop, shop,
          gup_sewer_entry_bubbles, hangedman_decor_opposing
D:7:      layout_layer_cave, lightli_temple_of_fire, lemuel_round_altar,
          minmay_temple_entry_glass, basic_altar, glass_columns_b, trog_book,
          uniq_joseph
D:8:      layout_loops_ring, nemelex_xobeh_ov_fountains_minmay,
          lemuel_zombie_altar_kikubaaqudgha, okawaru_altar_gauntlet_db
D:9:      layout_basic, minmay_orc_entry_guard_dogs, basic_altar,
          gammafunk_ghost_hive
D:10:     layout_gridville
Temple:   cyrus_circular_temple

Skill      XL: |  1  2  3  4  5  6  7  8  9 10 |
---------------+-------------------------------+-----
Stealth        | 6 8 9 10 11 12 13 | 13.1
Short Blades   | 3 4 5 7 8 10 11 12 | 12.3
Dodging        | 3 6 7 |  7.7
Fighting       | 2 3 4 |  4.8
Invocations    | 3 4 |  4.6
Shields        | 2 |  2.1
Throwing       | |  2.0

Action                   |  1- 3 |  4- 6 |  7- 9 | 10-12 || total
-------------------------+-------+-------+-------+-------++-------
Melee: Dagger            |    83 |   228 |   669 |   280 ||  1260
Throw: Dart              |       |    42 |    16 |    29 ||    87
  Use: Scroll            |       |       |    11 |       ||    11
       Potion            |       |       |     3 |       ||     3
 Stab: Sleeping          |    12 |     7 |    35 |    17 ||    71
       Distracted        |       |     2 |     3 |     1 ||     6
       Paralysed         |       |       |     3 |    12 ||    15
Armor: Robe              |     8 |    20 |    39 |     7 ||    74
       Troll leather arm |       |       |       |     3 ||     3
Dodge: Dodged            |    45 |   141 |   446 |   147 ||   779
Block: Buckler           |       |       |       |    54 ||    54

Table legend: (Time is in decaauts)
 A = Elapsed time spent in this place.
 B = Non-inter-level travel time spent in this place.
 C = Inter-level travel time spent in this place.
 D = Time resting spent in this place.
 E = Time spent auto-exploring this place.
 F = Levels seen in this place.
 G = Mean time per level.
                   A        B        C        D        E       F      G
               +--------+--------+--------+--------+--------+-----+--------+
         Total |  12257 |  12045 |    212 |   2807 |   7017 |  12 | 1021.4 |
       Dungeon |  11560 |  11352 |    208 |   2807 |   6626 |  10 | 1156.0 |
        Temple |     14 |     10 |      4 |      0 |      5 |   1 |   14.0 |
         Sewer |    683 |    683 |      0 |      0 |    385 |   1 |  683.0 |
               +--------+--------+--------+--------+--------+-----+--------+

Top non-repeatable levels by time:
     D:4: 1991 daAuts
     D:5: 1939 daAuts
     D:9: 1367 daAuts
     D:6: 1346 daAuts
     D:7: 1248 daAuts
     D:3: 986 daAuts
     D:8: 858 daAuts
     D:2: 729 daAuts
   Sewer: 683 daAuts
     D:1: 629 daAuts
    D:10: 462 daAuts
  Temple: 14 daAuts
